AoeStats
← IsraDguez

MegaRandom

509981725Analyzed
2v2 RM · 4d ago on Sep 28, 2026· 12m 24s· 4 players
Game mode
Random Map
Map size
Medium (4 player)
Population
200
Speed
Normal
Resources
Standard
Victory
Conquest
Starting age
Dark Age
Ending age
Imperial Age
RankedLock teamsTeams togetherTeam positionsShared explorationLock speedFull tech treeHidden civsTurbo modeCheats
Victory
Defeat
🇲🇽 Varangians · Mexico
1093
+13
🇲🇽 Maya · Mexico
1054
+14
1026
-14
🇦🇷 Burgundians · Argentina
1010
-13
ΝΑΥ/ΧΟΣ ΛΥΜΠΕΡΗΣ
1:05 Loom
11:21 Feudal Age
Gurx
9:49 Feudal Age
IsraDguez
0:27 Loom
10:41 Feudal Age
King Dario II
7:42 Loom
10:07 Feudal Age
10:14 Man-at-Arms
Connection lost

Rejoining the realm…

Still unreachable

The connection could not be restored.

Session expired

The server has moved on; the page needs a fresh start.